 Dungeon Crawl Stone Soup version 0.17-a0-737-gf0a300a (console) character file.

87 Monkaria the Skirmisher (level 4, -6/37 HPs)
             Began as a Demonspawn Chaos Knight on May 9, 2015.
             Killed from afar by Jessica (11 damage)
             ... with a wand of flame
             ... on level 3 of the Dungeon.
             The game lasted 00:02:56 (1919 turns).

Monkaria the Skirmisher (Demonspawn Chaos Knight)   Turns: 1919, Time: 00:02:56

Health: -6/37      AC:  8    Str: 13      XL:     4   Next: 28%
Magic:  4/4        EV: 11    Int: 12 (14) God:    Xom [..*...]
Gold:   76         SH:  0    Dex: 12      Spells: 0 memorised, 3 levels left

rFire  . . .     SeeInvis .     a - +0 falchion (chaos)
rCold  . . .     Clarity  .     b - +2 leather armour
rNeg   . . .     SustAb   .     (no shield)
rPois  .         Gourm    .     (no helmet)
rElec  .         Spirit   .     (no cloak)
rCorr  .         Warding  .     (no gloves)
rMut   .         Stasis   .     o - +1 pair of boots
MR     .....                    (no amulet)
Stlth  +.........               (no ring)
                                (no ring)

@: flying, not resistant to hostile enchantments, very unstealthy
A: hooves 1, icy blue scales 1
a: Renounce Religion


You were on level 3 of the Dungeon.
You worshipped Xom.
You were a toy of Xom.
You were hungry.

You visited 1 branch of the dungeon, and saw 3 of its levels.

You collected 76 gold pieces.

Inventory:

Hand weapons
 a - a +0 falchion of chaos (weapon)
Missiles
 p - 29 poisoned needles
Armour
 b - a +2 leather armour (worn)
 o - a +1 pair of boots (worn)
 y - a +2 buckler
Scrolls
 d - 4 scrolls of enchant armour {unknown}
 e - 2 scrolls of fog {unknown}
 f - a scroll of identify {unknown}
 k - a scroll of remove curse {unknown}
 l - 2 scrolls of teleportation {unknown}
 m - 2 scrolls of amnesia {unknown}
 q - a scroll of immolation {unknown}
 r - 2 scrolls of recharging {unknown}
 t - a scroll of enchant weapon {unknown}
 A - a scroll of random uselessness {unknown}
Potions
 g - a potion of flight {unknown}
 h - a potion of resistance {unknown}
 i - a potion of magic {unknown}
 n - a potion of poison {unknown}
 s - a potion of degeneration
 v - a potion of heal wounds {unknown}
 w - a potion of haste {unknown}
 x - a potion of restore abilities {unknown}
 z - a potion of cancellation {unknown}
 B - a potion of berserk rage {unknown}
Comestibles
 c - 3 bread rations
 j - 4 meat rations
 u - a beef jerky


   Skills:
 - Level 4.3 Fighting
 + Level 3.4 Long Blades
 - Level 2.0 Armour
 - Level 1.1 Dodging


You had 3 spell levels left.
You didn't know any spells.

Dungeon Overview and Level Annotations

Branches:
Dungeon (3/15)

Altars:
Dithmenos
Fedhas
Nemelex Xobeh
Trog

Annotations:
D:3 Jessica


Innate Abilities, Weirdness & Mutations

You have large cloven feet.
You are partially covered in icy blue scales (AC +1).


Message History

You see here a club.
You hit Jessica. You burn Jessica.
Jessica is moderately wounded.
Xom's attention turns to you for a moment.
Pain shoots through your body!
* * * LOW HITPOINT WARNING * * *
Jessica closely misses you.
You are too injured to fight recklessly!
You are too injured to fight recklessly!
You are too injured to fight recklessly!
You are too injured to fight recklessly!
You are too injured to fight recklessly!
You are too injured to fight recklessly!
Drink which item? (? for menu, Esc to quit)
It was a potion of degeneration.
There was something very wrong with that liquid.
You feel dopey.
Xom is highly amused!
Jessica zaps a wand.
The puff of flame hits you!
You die...

#. #...#.##.....
#.##..##.##.#
##.#
#.(.^.......#
#..#.###.##...$..
#.####### #.# #.#
#.### ##.@.#
#..@.#
#......_....$.#
#####....######
#...## ###.# #.#
#.# #.#


You could see Jessica.

Vanquished Creatures
  2 adders (D:2)
  An ooze (D:1)
  3 giant geckos
  7 bats
  6 giant cockroaches
  4 goblins
  6 hobgoblins
  12 jackals
  A quokka (shapeshifter) (D:2)
  A ball python (D:3)
  2 giant newts (D:1)
  7 kobolds
  5 rats
57 creatures vanquished.

Vanquished Creatures (collateral kills)
  A hobgoblin (D:2)
  A goblin (D:2)
2 creatures vanquished.

Grand Total: 59 creatures vanquished

Notes
Turn   | Place    | Note
--------------------------------------------------------------
     0 | D:1      | Monkaria, the Demonspawn Chaos Knight, began the quest for the Orb.
     0 | D:1      | Reached XP level 1. HP: 18/18 MP: 1/1
    56 | D:1      | XOM: divination: detect creatures
   207 | D:1      | Reached skill level 1 in Dodging
   207 | D:1      | Gained mutation: You are partially covered in icy blue scales (AC +1). [demonic ancestry]
   207 | D:1      | Reached XP level 2. HP: 24/24 MP: 2/2
   499 | D:1      | XOM: divination: detect creatures
   763 | D:2      | Gained mutation: You have large cloven feet. [demonic ancestry]
   763 | D:2      | Reached XP level 3. HP: 24/29 MP: 3/3
   844 | D:2      | Reached skill level 4 in Fighting
   914 | D:2      | Found a bloodstained altar of Trog.
  1037 | D:2      | XOM: harmless Divn miscast
  1193 | D:2      | XOM: harmless Conj miscast
  1230 | D:2      | Reached XP level 4. HP: 27/37 MP: 4/4
  1334 | D:2      | Found a sparkling altar of Nemelex Xobeh.
  1567 | D:3      | Found a blossoming altar of Fedhas.
  1899 | D:3      | XOM: cast spell 'Flight'
  1904 | D:3      | Found a shadowy altar of Dithmenos.
  1906 | D:3      | Noticed Jessica
  1918 | D:3      | XOM: mild Necr miscast
  1919 | D:3      | Killed from afar by Jessica

Action                   |  1- 3 |  4- 6 || total
-------------------------+-------+-------++-------
Melee: Falchion          |   143 |    51 ||   194
  Use: Potion            |       |     1 ||     1
 Stab: Petrifying        |     1 |       ||     1
       Paralysed         |     1 |       ||     1
       Petrified         |       |     3 ||     3
  Eat: Chunk             |     1 |     2 ||     3
